AoeStats
← fgallardo1993

Black Forest

509702044Analyzed
3v3 RM · 5d ago on Sep 27, 2026· 69m 38s· 6 players
Game mode
Random Map
Map size
Normal (6 player)
Population
200
Speed
Normal
Resources
Standard
Victory
Conquest
Starting age
Dark Age
Ending age
Imperial Age
RankedLock teamsTeams togetherTeam positionsShared explorationLock speedFull tech treeHidden civsTurbo modeCheats
Victory
Defeat
🇻🇳 Khitans · Vietnam
784
+8
🇨🇳 Saxons · China
733
+10
🇻🇳 Wu · Vietnam
731
+10
🇺🇸 Wei · United States
647
-10
🇧🇪 Romans · Belgium
603
-10
🇪🇸 Italians · Spain
558
-8
DeflateDez4BRADY
0:37 Loom
13:24 Feudal Age
14:00 Double-Bit Axe
13:58 Horse Collar
18:42 Wheelbarrow
22:35 Castle Age
21:28 Stone Mining
21:39 Gold Mining
24:12 Bow Saw
24:12 Heavy Plow
24:51 Gold Shaft Mining
26:29 Fletching
27:32 Bloodlines
28:00 Hand Cart
28:58 Hand Cart
31:57 Imperial Age
31:01 Fortified Wall
32:02 Bodkin Arrow
32:13 Scale Barding Armor
33:18 Ballistics
34:58 Conscription
35:05 Ming Guang Armor
36:24 Parthian Tactics
38:32 Chemistry
37:40 Tuntian
39:36 Chain Barding Armor
39:27 Forging
39:19 Bracer
39:20 Padded Archer Armor
39:29 Thumb Ring
41:19 Crop Rotation
41:10 Caravan
43:19 Elite Tiger Cavalry
43:29 Elite Skirmisher
46:03 Iron Casting
45:44 Leather Archer Armor
45:48 Husbandry
49:44 Blast Furnace
49:15 Ring Archer Armor
nejmi0
15:44 Feudal Age
16:40 Double-Bit Axe
16:39 Horse Collar
17:01 Man-at-Arms
18:58 Stone Mining
18:59 Gold Mining
24:47 Castle Age
25:58 Bow Saw
25:45 Long Swordsman
26:38 Caravan
27:44 Crossbowman
29:00 Padded Archer Armor
28:51 Fletching
29:02 Scale Mail Armor
29:13 Forging
30:31 Wheelbarrow
31:37 Chain Mail Armor
31:28 Scale Barding Armor
34:53 Hand Cart
34:55 Heavy Plow
35:35 Iron Casting
37:20 Fortified Wall
36:43 Pikeman
37:23 Squires
37:46 Leather Archer Armor
43:27 Imperial Age
fgallardo1993
11:34 Feudal Age
12:05 Double-Bit Axe
13:29 Horse Collar
19:21 Wheelbarrow
19:40 Gold Mining
20:25 Stone Mining
24:52 Castle Age
24:33 Forging
24:18 Fletching
27:44 Caravan
30:46 Bow Saw
30:40 Heavy Plow
31:24 Hand Cart
34:19 Ballistics
34:24 Squires
38:38 Imperial Age
37:46 Stone Shaft Mining
39:14 Iron Casting
38:34 Bodkin Arrow
40:27 Conscription
41:45 Chemistry
42:59 Elite Genoese Crossbowman
46:05 Blast Furnace
45:00 Bodkin Arrow
51:20 Pikeman
伐木王
0:36 Loom
14:21 Feudal Age
17:08 Horse Collar
17:17 Double-Bit Axe
18:28 Gold Mining
20:01 Stone Mining
23:08 Castle Age
23:36 Forging
23:26 Scale Mail Armor
27:12 Treadmill Crane
28:18 Wheelbarrow
27:34 Town Watch
28:16 Chain Mail Armor
32:15 Imperial Age
30:30 Bow Saw
32:27 Gold Shaft Mining
32:12 Hand Cart
32:17 Hand Cart
33:58 Town Patrol
35:40 Caravan
40:02 Two-Man Saw
39:37 Elite Hearth Troop
41:05 Fortified Wall
40:48 Shield Wall
42:54 Conscription
44:03 Plate Mail Armor
44:09 Iron Casting
49:17 Masonry
49:20 Heavy Scorpion
55:45 Capped Ram
57:20 Siege Ram
K o h i m e
1:04 Loom
13:33 Feudal Age
15:58 Double-Bit Axe
15:55 Horse Collar
18:16 Forging
20:39 Castle Age
21:20 Heavy Plow
21:31 Bow Saw
28:21 Wheelbarrow
28:39 Scale Barding Armor
29:10 Iron Casting
30:25 Hand Cart
34:47 Imperial Age
33:38 Chain Barding Armor
33:47 Light Cavalry
34:38 Bloodlines
34:29 Husbandry
34:57 Hussar
36:18 Plate Barding Armor
36:50 Blast Furnace
38:25 Sitting Tiger
50:59 Pikeman
51:40 Squires
53:04 Halberdier
53:30 Arson
applerutz20052001
0:36 Loom
13:56 Feudal Age
19:01 Castle Age
17:12 Double-Bit Axe
18:50 Domestication
20:46 Bow Saw
23:39 Pastoralism
25:22 Gold Mining
25:34 Stone Mining
29:31 Wheelbarrow
28:43 Town Watch
31:17 Forging
31:13 Scale Barding Armor
31:09 Scale Mail Armor
33:44 Imperial Age
31:44 Hand Cart
31:27 Murder Holes
31:53 Ballistics
31:34 Heated Shot
31:47 Town Patrol
32:34 Iron Casting
32:11 Caravan
32:01 Gambesons
32:17 Squires
33:30 Chain Barding Armor
33:00 Arson
34:05 Chain Mail Armor
34:49 Stone Shaft Mining
34:36 Husbandry
34:00 Light Cavalry
35:16 Transhumance
35:47 Two-Man Saw
34:15 Elite Fire Lancer
35:05 Hussar
37:11 Chemistry
37:37 Plate Mail Armor
37:51 Plate Barding Armor
37:53 Heavy Rocket Cart
39:34 Lamellar Armor
39:36 Ordo Cavalry
42:23 Elite Liao Dao
48:09 Treadmill Crane
49:39 Thumb Ring
50:00 Parthian Tactics
48:56 Elite Skirmisher
53:20 Fletching
53:30 Padded Archer Armor
Connection lost

Rejoining the realm…

Still unreachable

The connection could not be restored.

Session expired

The server has moved on; the page needs a fresh start.